 Dungeon Crawl Stone Soup version 0.30-a0-341-g682706514a (webtiles) character file.

Game seed: 16595766747114617299

81 Shayle the Vexing (level 4, 0/39 HPs)
             Began as a Naga Hexslinger on Nov 1, 2022.
             Slain by an orc
             ... wielding a +0 flail
              (1 damage)
             ... on level 2 of the Dungeon.
             The game lasted 00:07:32 (1550 turns).

Shayle the Vexing (Naga Hexslinger)                 Turns: 1550, Time: 00:07:34

Health: 0/39       AC:  6    Str: 12    XL:     4   Next: 40%
Magic:  5/5        EV:  8    Int: 16    God:
Gold:   92         SH:  0    Dex: 11    Spells: 4/5 levels left

rFire   . . .      SeeInvis +    a - +1 sling
rCold   . . .      Faith    .    (no shield)
rNeg    . . .      Spirit   .    j - +3 ring mail "Vyxuklai" {rElec}
rPois   +          Reflect  .    (no helmet)
rElec   +          Harm     .    (no cloak)
rCorr   .          Rampage  .    (no gloves)
Will    .....                    (no barding)
Stlth   +.........               (no amulet)
HPRegen 0.26/turn                (no ring)
MPRegen 0.09/turn                (no ring)

@: mighty, attractive, slowed, very slow
A: AC +1, large, see invisible, deformed body, poison resistance, slowness 2,
spit poison 1, naga tail 1
a: Spit Poison


You were on level 2 of the Dungeon.
You visited 1 branch of the dungeon, and saw 3 of its levels.

You collected 92 gold pieces.

Inventory:

Hand Weapons
 a - a +1 sling (weapon)
Armour
 c - a +0 robe
 j - the +3 ring mail "Vyxuklai" (worn) {rElec}
   (You found it on level 3 of the Dungeon)

   rElec:     It insulates you from electricity.
Scrolls
 b - 2 scrolls of poison
 g - 3 scrolls of immolation {unknown}
 i - a scroll of identify {unknown}
Potions
 e - a potion of ambrosia
 f - a potion of magic {unknown}
 k - a potion of degeneration {unknown}
 l - a potion of attraction
 m - a potion of brilliance {unknown}


   Skills:
 + Level 2.1 Fighting
 + Level 2.5 Ranged Weapons
 + Level 2.2 Dodging
 - Level 1.0 Spellcasting
 + Level 3.6 Hexes


You had 4 spell levels left.
You knew the following spells:

 Your Spells              Type           Power      Damage    Failure   Level
a - Slow                  Hex            48%        N/A       12%         1

Your spell library contained the following spells:

 Spells                   Type           Power      Damage    Failure   Level
 Apportation              Tloc           0%         N/A       45%         1
 Necrotise                Necr           0%         1d4       45%         1
 Summon Small Mammal      Summ           0%         N/A       45%         1
 Inner Flame              Hex/Fire       6%         N/A       58%         3
 Portal Projectile        Hex/Tloc       12%        N/A       58%         3
 Sublimation of Blood     Necr           0%         N/A       61%         2
 Wereblood                Tmut           0%         N/A       61%         2
 Cause Fear               Hex            6%         N/A       75%         4
 Summon Hydra             Summ           0%         N/A       100%        7


Dungeon Overview and Level Annotations

Branches:
Dungeon (3/15)

Altars:
Gozag
Sif Muna

Annotations:
D:2 Natasha


Innate Abilities, Weirdness & Mutations

Your serpentine skin is tough. (AC +1)
You have supernaturally acute eyesight. (SInv)
Armour fits poorly on your strangely shaped body.
Your system is resistant to poisons. (rPois)
You cover ground very slowly.
You can spit poison.
You have a snake-like lower body.


Message History

Natasha casts a spell at you. The magic dart hits you! The rat bites you.
Natasha casts a spell at you. The magic dart hits you.
The orc hits you but does no damage. The rat bites you but does no damage.
You miss Natasha.
Natasha is severely wounded.
Natasha casts a spell at you.
You feel yourself slow down. The rat bites you.
The orc hits you with a +0 flail.
You clumsily bash Natasha but do no damage.
Natasha is severely wounded.
You feel less invigorated.
You feel less confused. Natasha claws you. The rat barely misses you.
The orc hits you with a +0 flail. The rat bites you but does no damage.
The orc hits you with a +0 flail.
* * * LOW HITPOINT WARNING * * *
Natasha completely misses you. The orc hits you with a +0 flail.
* * * LOW HITPOINT WARNING * * *
The rat bites you.
* * * LOW HITPOINT WARNING * * *
Natasha casts a spell at you. You resist with some effort.
It was a potion of attraction.
You feel attractive to monsters. Natasha misses you.
The rat bites you but does no damage. The orc closely misses you.
It was a potion of might.
You feel very mighty all of a sudden. The orc hits you with a +0 flail.
* * * LOW HITPOINT WARNING * * *
Natasha wildly gestures.
Natasha's front paws start to glow.
Natasha casts a spell at you. The magic dart hits you.
* * * LOW HITPOINT WARNING * * *
The rat barely misses you.
Natasha casts a spell.
The orc hits you with a +0 flail.
You die...

#.................
#.################ #.# #.#
##### ###'##### #...####
#.......#####......#
#.......+..........'
#####.......#.#........#
#.....r@......#.#......#
#.###.o.h.......#...#...
#.# #..5....#...........
#.#######'###.#..###....
###.........#####..###....
#.....................#...
#.......##..........#.#...
##...##.##................
#....)....###...##+#.....


You could see an iron imp (summoned), Natasha, an orc and a rat.

Vanquished Creatures
  3 adders (D:2)
  A worm (D:2)
  2 dart slugs
  An orc (D:2)
  A bat (D:1)
  4 endoplasms (D:1)
  3 giant cockroaches (D:2)
  3 goblins
  7 hobgoblins
  3 kobolds
  2 quokkas (D:2)
  4 ball pythons
  4 frilled lizards
  5 rats
43 creatures vanquished.

Notes
Turn   | Place    | Note
-------+----------+-------------------------------------------
     0 | D:1      | Shayle the Naga Hexslinger began the quest for the Orb.
     0 | D:1      | Reached XP level 1. HP: 18/18 MP: 2/2
    58 | D:1      | Reached XP level 2. HP: 25/25 MP: 3/3
   717 | D:1      | Reached XP level 3. HP: 31/31 MP: 4/4
   857 | D:2      | You fall into a shaft and drop 1 floor!
   903 | D:3      | Identified the +3 ring mail "Vyxuklai" {rElec}
   917 | D:3      | Found an opulent altar of Gozag.
   921 | D:3      | Found a shimmering blue altar of Sif Muna.
  1231 | D:2      | Reached XP level 4. HP: 39/39 MP: 3/5
  1533 | D:3      | Noticed Natasha
  1550 | D:2      | HP: 1/39 [Natasha/magic dart (5)]
  1550 | D:2      | Slain by an orc

Illustrated notes

Levels and vault maps discovered:
D:1:      dpeg_arrival_ternary, layout_basic, interstate_on_off,
          dk_noncrumbling_4, st_stairs_13
D:2:      layout_basic
D:3:      layout_rooms, grunt_temple_overflow_open,
          ebering_ecumenical_altar_abandoned,
          nicolae_concentric_dashed_squares_wild, uniq_terence, uniq_natasha

Skill      XL: |  1  2  3 |
---------------+----------+-----
Ranged Weapons | 2 |  2.5
Dodging        | 2 |  2.2
Fighting       | 2 |  2.1
Spellcasting   | |  1.0
Hexes          | |  3.6

Action                   |  1- 3 |  4- 6 || total
-------------------------+-------+-------++-------
Melee: Sling             |       |     4 ||     4
 Fire: Sling             |   110 |    28 ||   138
 Cast: Slow              |     6 |       ||     6
 Abil: Spit Poison       |    15 |     5 ||    20
  Use: Potion            |       |     4 ||     4
Armor: Robe              |     8 |       ||     8
       Ring mail         |    14 |    25 ||    39
Dodge: Dodged            |    43 |    20 ||    63

Table legend: (Time is in decaauts)
 A = Elapsed time spent in this place.
 B = Non-inter-level travel time spent in this place.
 C = Inter-level travel time spent in this place.
 D = Time resting spent in this place.
 E = Time spent auto-exploring this place.
 F = Levels seen in this place.
 G = Mean time per level.
                   A        B        C        D        E       F      G
               +--------+--------+--------+--------+--------+-----+--------+
         Total |   2067 |   1999 |     68 |     47 |   1516 |   3 |  689.0 |
       Dungeon |   2067 |   1999 |     68 |     47 |   1516 |   3 |  689.0 |
               +--------+--------+--------+--------+--------+-----+--------+

Top non-repeatable levels by time:
     D:1: 1163 daAuts
     D:2: 809 daAuts
     D:3: 95 daAuts
